 Dungeon Crawl Stone Soup version 0.19.5 (webtiles) character file.

45 JeffiDaFish the Gusty (level 3, -1/26 HPs)
             Began as a Draconian Air Elementalist on Sept 13, 2017.
             Slain by a worm (11 damage)
             ... on level 2 of the Dungeon.
             The game lasted 00:06:12 (1680 turns).

JeffiDaFish the Gusty (Draconian Air Elementalist)  Turns: 1680, Time: 00:06:12

Health: -1/26      AC:  5    Str:  9 (10) XL:     3   Next: 42%
Magic:  1/6        EV: 12    Int: 12 (15) God:
Gold:   16         SH:  0    Dex: 11 (12) Spells: 2 memorised, 3 levels left

rFire  + . .     SeeInvis .     c - -1 dagger (curse)
rCold  x . .     Gourm    .     (armour unavailable)
rNeg   . . .     Faith    .     (no shield)
rPois  .         Spirit   .     (helmet restricted)
rElec  .         Reflect  .     (no cloak)
rCorr  .         Harm     .     (no gloves)
MR     .....                    (no boots)
Stlth  ++........               (no amulet)
                                (no ring)
                                e - ring of fire

@: very slightly contaminated
A: unfitting armour, cold-blooded, AC +5
a: no special abilities


You were on level 2 of the Dungeon.
You were not hungry.

You visited 1 branch of the dungeon, and saw 2 of its levels.

You collected 16 gold pieces.

Inventory:

Hand Weapons
 c - a cursed -1 dagger (weapon)
 h - a +1 hand axe of freezing
Jewellery
 e - a ring of fire (left hand)
Potions
 g - a potion of might
Books
 a - a book of Air

   Spells                             Type                      Level
   a - Shock                          Conjuration/Air              1
   b - Swiftness                      Charms/Air                   2
   c - Repel Missiles                 Charms/Air                   2
   d - Static Discharge               Conjuration/Air              3
   e - Lightning Bolt                 Conjuration/Air              5
Comestibles
 b - 3 bread rations
 d - a meat ration
 f - 4 fruits
 i - a beef jerky
 j - 2 chunks of flesh


   Skills:
 + Level 0.2 Fighting
 + Level 0.2 Short Blades
 + Level 2.0 Dodging
 + Level 2.1 Stealth
 + Level 2.3 Spellcasting
 + Level 1.3 Conjurations
 + Level 3.6 Air Magic


You had 3 spell levels left.
You knew the following spells:

 Your Spells              Type           Power        Failure   Level  Hunger
a - Shock                 Conj/Air       #...         12%         1    ##.....
b - Swiftness             Chrm/Air       #.......     21%         2    ###....


Dungeon Overview and Level Annotations

Branches:
Dungeon (2/15)

Altars:


Innate Abilities, Weirdness & Mutations

Your plain brown scales are hard. (AC +5)
You cannot fit into any form of body armour.
You are cold-blooded and may be slowed by cold attacks.


Message History

Aiming: Shock
Press: ? - help, Shift-Dir - straight line, f/p - worm
Aim: a worm (moderately wounded)
The zap hits the worm.
The worm is heavily wounded.
The worm completely misses you.
You hit the worm.
The worm is heavily wounded.
You barely miss the worm. You tail-slap the worm.
The worm is heavily wounded.
The worm barely misses you.
You hit the worm.
The worm is severely wounded.
You hit the worm.
Your tail-slap misses the worm.
The worm is severely wounded.
The worm bites you but does no damage.
You hit the worm.
The worm is severely wounded.
The worm bites you!
You die...

,,,,* *,,,<,+,.[.................
,**** *,,,,,**###................
*******,,,,,****#.......(........
>,,,,,,,,,,,+,...................
,******,,,,,**###................
,* *,,.,,* #................
,**** *,,...#####.########.......
,,,,***,,.........#########.#####
,,,,,,,,,......w@......).........
,**,*****#........#########..####
,**,* #........# ##.# #
,**,*****#........# #.# #
,,,,,,,,,+........# #.####
,,,,,****#........# #.....
,,,,,,<* #.......!# ######..###
,,,******#........# #.......#..
,,,*,,,,**,,,,,,,,* #####.#...#


You could see a worm.

Vanquished Creatures
  4 dart slugs
  A leopard gecko (D:1)
  A ball python (D:1)
  3 bats (D:1)
  A giant cockroach (D:2)
  7 goblins
  5 hobgoblins (D:1)
  2 kobolds
  5 frilled lizards (D:1)
  7 rats
36 creatures vanquished.

Notes
Turn   | Place    | Note
-------+----------+-------------------------------------------
     0 | D:1      | JeffiDaFish the Draconian Air Elementalist began the quest for the Orb.
     0 | D:1      | Reached XP level 1. HP: 14/14 MP: 3/3
   403 | D:1      | Reached XP level 2. HP: 20/20 MP: 0/5
   434 | D:1      | Learned a level 2 spell: Swiftness
  1008 | D:1      | Reached XP level 3. HP: 26/26 MP: 6/6
  1680 | D:2      | Slain by a worm

Skill      XL: |  1  2  3 |
---------------+----------+-----
Stealth        | 2 |  2.1
Dodging        | 2 |  2.0
Fighting       | |  0.2
Short Blades   | |  0.2
Spellcasting   | |  2.3
Conjurations   | |  1.3
Air Magic      | |  3.6

Action                   || total
-------------------------++-------
Melee: Dagger            ||    78
       Tailslap          ||     9
 Cast: Shock             ||    52
  Use: Scroll            ||     8
       Potion            ||     3
 Stab: Sleeping          ||     2
  Eat: Chunk             ||     4
Armor: Skin              ||    19
Dodge: Dodged            ||    43
